 Dungeon Crawl Stone Soup version 0.16-a0-3554-g1f1ee3f (webtiles) character file.

85 Minkie the Grave Robber (level 4, -2/37 HPs)
             Began as a Mummy Necromancer on Jan 10, 2015.
             Killed from afar by Sigmund (12 damage)
             ... with a puff of flame
             ... on level 2 of the Dungeon.
             The game lasted 00:09:24 (1859 turns).

Minkie the Grave Robber (Mummy Necromancer)         Turns: 1859, Time: 00:09:24

Health: -2/37      AC:  5    Str: 11    XL:     4   Next: 25%
Magic:  7/7        EV: 12    Int: 15    God:
Gold:   128        SH:  0    Dex: 12    Spells: 1 memorised, 6 levels left

rFire  x . .     SeeInvis .     h - +1 dagger (venom)
rCold  + . .     Clarity  .     a - +0 robe
rNeg   + + +     SustAb   .     (no shield)
rPois  ∞         Gourm    .     (no helmet)
rElec  .         Spirit   .     (no cloak)
rCorr  .         Warding  .     f - +2 pair of gloves
rMut   .         Stasis   .     (no boots)
MR     .....                    (no amulet)
Stlth  +.........               (no ring)
                                (no ring)

@: confused, not resistant to hostile enchantments, very unstealthy
A: no food or potions, fire vulnerability, restore body, cold resistance 1,
negative energy resistance 3, poison resistance, torment resistance, unbreathing
a: no special abilities


You were on level 2 of the Dungeon.
You were not hungry.

You visited 1 branch of the dungeon, and saw 2 of its levels.

You collected 128 gold pieces.

Inventory:

Hand weapons
 h - a +1 dagger of venom (weapon)
Missiles
 d - 3 javelins (quivered)
Armour
 a - a +0 robe (worn)
 f - a +2 pair of gloves (worn)
Scrolls
 c - 2 scrolls of identify {unknown}
 e - a scroll of enchant armour {unknown}
 g - a scroll of noise {unknown}
 i - a scroll of teleportation {unknown}
Books
 b - a book of Necromancy

   Spells                             Type                      Level
   a - Pain                           Necromancy                   1
   b - Animate Skeleton               Necromancy                   1
   c - Vampiric Draining              Necromancy                   3
   d - Regeneration                   Charms/Necromancy            3
   e - Animate Dead                   Necromancy                   4
   f - Control Undead                 Necromancy                   4


   Skills:
 + Level 3.9 Fighting
 - Level 1.5 Dodging
 - Level 1.5 Stealth
 - Level 2.0 Spellcasting
 - Level 4.0 Necromancy


You had 6 spell levels left.
You knew the following spells:

 Your Spells              Type           Power        Failure   Level  Hunger
a - Pain                  Necr           ##..         4%          1    N/A

Dungeon Overview and Level Annotations

Branches:
Dungeon (2/15)

Altars:
Ashenzari

Annotations:
D:1 runed door, exclusion: door
D:2 Sigmund


Innate Abilities, Weirdness & Mutations

You do not eat or drink.
Your flesh is vulnerable to fire.
Your flesh is cold resistant.
You are immune to negative energy.
Your system is resistant to poisons.
You are immune to unholy pain and torment.
You can survive without breathing.


Message History

You bump into the rock wall.
Something hits you!
You bump into the rock wall.
You miss something.
You hear some strange, mumbled words.
You are more confused.
You're too confused to move!
You hear some strange, mumbled words.
The magic dart hits you!
You hit something.
You hear some strange, mumbled words.
The magic dart hits you!
* * * LOW HITPOINT WARNING * * *
You bump into the rock wall.
You hear a zap.
Something tries to affect you, but you resist.
You bump into the rock wall.
You hear some strange, mumbled words.
The puff of flame hits you! The fire burns you terribly!
You die...

.####..............##.#.#
#.##..#........##.#.# #
#..##.....#.## #.#
#..##....##.# #.#
#..##.#.###.##.#.# #
#.>##.#..........#
###.##....).........###
........###.#####.####
#####..@{.# #.# #######
#.. ####


There were no monsters in sight!

Vanquished Creatures
  2 adders (D:2)
  3 worms
  A giant gecko (D:1)
  An ooze (D:1)
  8 bats
  8 goblins
  4 hobgoblins
  6 jackals
  A ball python (D:1)
  3 giant newts (D:1)
  4 kobolds
  9 rats
50 creatures vanquished.

Notes
Turn   | Place    | Note
--------------------------------------------------------------
     0 | D:1      | Minkie, the Mummy Necromancer, began the quest for the Orb.
     0 | D:1      | Reached XP level 1. HP: 13/13 MP: 3/3
     2 | D:1      | Found a runed door.
    63 | D:1      | Reached skill level 1 in Fighting
   226 | D:1      | Reached XP level 2. HP: 21/21 MP: 2/4
   579 | D:1      | Found a shattered altar of Ashenzari.
   586 | D:1      | Reached XP level 3. HP: 28/28 MP: 6/6
  1051 | D:2      | Noticed Sigmund
  1381 | D:1      | Reached XP level 4. HP: 27/37 MP: 1/7
  1859 | D:2      | Killed from afar by Sigmund

Action                   |  1- 3 |  4- 6 || total
-------------------------+-------+-------++-------
Melee: Dagger            |    43 |     2 ||    45
Throw: Javelin           |    14 |     2 ||    16
 Cast: Pain              |    50 |    23 ||    73
 Stab: Sleeping          |     2 |       ||     2
